AoeStats
← audi

Arabia

508052828Analyzed
2v2 RM · 12d ago on Sep 20, 2026· 35m 59s· 4 players
Game mode
Random Map
Map size
Medium (4 player)
Population
200
Speed
Normal
Resources
Standard
Victory
Conquest
Starting age
Dark Age
Ending age
Imperial Age
RankedLock teamsTeams togetherTeam positionsShared explorationLock speedFull tech treeHidden civsTurbo modeCheats
Victory
Defeat
🇨🇦 Portuguese · Canada
1223
+13
🇺🇸 Persians · United States
1220
+14
🇹🇷 Huns · Türkiye
1180
-14
🇹🇷 Teutons · Türkiye
1156
-13
Slawter
6:39 Loom
9:14 Feudal Age
9:45 Double-Bit Axe
16:52 Horse Collar
17:41 Fletching
20:56 Castle Age
20:38 Gold Mining
21:23 Crossbowman
22:52 Bodkin Arrow
23:12 Bow Saw
23:32 Padded Archer Armor
23:00 Pikeman
24:22 Leather Archer Armor
25:54 Wheelbarrow
26:42 Ballistics
29:00 Thumb Ring
31:11 Forging
31:29 Hand Cart
32:43 Iron Casting
32:34 Heavy Plow
36:18 Imperial Age
34:44 Scale Mail Armor
kendizzle555
6:27 Loom
9:27 Feudal Age
9:55 Double-Bit Axe
10:32 Horse Collar
17:25 Scale Barding Armor
18:03 Forging
18:34 Bloodlines
22:21 Castle Age
21:17 Gold Mining
23:10 Bow Saw
23:56 Husbandry
24:28 Heavy Plow
27:22 Wheelbarrow
26:10 Light Cavalry
27:49 Gold Shaft Mining
27:52 Chain Barding Armor
30:37 Iron Casting
33:48 Town Watch
33:55 Stone Mining
33:57 Fletching
35:31 Hand Cart
Timber
6:40 Loom
9:24 Feudal Age
10:17 Double-Bit Axe
15:29 Horse Collar
16:45 Scale Barding Armor
17:33 Forging
24:16 Bloodlines
24:01 Gold Mining
25:20 Fletching
27:35 Castle Age
25:28 Fletching
28:15 Bodkin Arrow
28:22 Husbandry
30:54 Padded Archer Armor
32:06 Thumb Ring
audi
2:35 Loom
10:37 Feudal Age
11:17 Double-Bit Axe
14:33 Scale Barding Armor
17:05 Bloodlines
18:51 Wheelbarrow
18:54 Horse Collar
21:03 Forging
23:52 Castle Age
26:16 Padded Archer Armor
27:15 Bow Saw
27:08 Heavy Plow
27:45 Gold Mining
28:04 Stone Mining
29:50 Iron Casting
29:44 Town Watch
34:15 Scale Mail Armor
33:37 Pikeman
34:18 Squires
Connection lost

Rejoining the realm…

Still unreachable

The connection could not be restored.

Session expired

The server has moved on; the page needs a fresh start.